 Dungeon Crawl Stone Soup version 0.31-a0-1178-gc5c9b8f871 (webtiles) character file.

Game seed: 1292158571406275611

637 backslashecho the Conjurer (level 7, -6/44 HPs)
             Began as an Octopode Air Elementalist on Dec 11, 2023.
             Mangled by a phantom (7 damage)
             ... on level 4 of the Dungeon.
             The game lasted 00:11:12 (4016 turns).

backslashecho the Conjurer (OpAE)                   Turns: 4016, Time: 00:11:13

Health: -6/44      AC:  1    Str:  7    XL:     7   Next: 50%
Magic:  0/12       EV: 13    Int: 20    God:
Gold:   129        SH:  0    Dex: 12    Spells: 3/13 levels left

rFire   . . .        b - +0 dagger (protect)
rCold   . . .        (no shield)
rNeg    . . .        (helmet restricted)
rPois   .            (no amulet)
rElec   .            (no ring)
rCorr   .            (no ring)
SInv    .            (no ring)
Will    .....        (no ring)
Stlth   +++          (no ring)
HPRegen 0.27/turn    (no ring)
MPRegen 0.13/turn    (no ring)
                     (no ring)

%: no passive effects
@: no status effects
A: almost no armour, amphibious, 8 rings, camouflage 1, gelatinous body 1,
(nimble swimmer 1), tentacles
a: no special abilities


You were on level 4 of the Dungeon.
You visited 1 branch of the dungeon, and saw 4 of its levels.

You collected 129 gold pieces.

Inventory:

Hand Weapons
 b - a +0 dagger of protection (weapon)
Talismans
 r - a maw talisman
Wands
 t - a wand of mindburst (12)
Scrolls
 d - a scroll of torment {unknown}
 f - 2 scrolls of blinking
 h - a scroll of enchant armour {unknown}
 i - 2 scrolls of teleportation
 j - a scroll of immolation {unknown}
 k - a scroll of fog {unknown}
 o - a scroll of vulnerability
 p - a scroll of brand weapon {unknown}
 q - a scroll of enchant weapon {unknown}
 s - a scroll of poison {unknown}
Potions
 a - a potion of magic
 c - 3 potions of attraction
 e - a potion of resistance
 g - a potion of brilliance
 l - a potion of might {unknown}
 m - a potion of ambrosia {unknown}
 n - a potion of degeneration {unknown}


   Skills:
 + Level 1.8 Fighting
 - Level 2.0 Short Blades
 - Level 2.0 Dodging
 - Level 3.0 Stealth
 + Level 3.7 Spellcasting
 - Level 5.0 Conjurations
 + Level 0.0 Translocations
 * Level 4.6 Air Magic


You had 3 spell levels left.
You knew the following spells:

 Your Spells              Type           Power      Damage    Failure   Level
a - Shock                 Conj/Air       92%        1d8       1%          1
b - Swiftness             Air            22%        N/A       6%          3
c - Static Discharge      Conj/Air       46%        3-5/arc   2%          2
f - Iskenderun's Mystic   Conj/Tloc      13%        2d5       43%         4

Your spell library contained the following spells:

 Spells                   Type           Power      Damage    Failure   Level
 Apportation              Tloc           6%         N/A       13%         1
 Jinxbite                 Hex            6%         N/A       21%         2
 Volatile Blastmotes      Fire/Tloc      6%         2d10      36%         3
 Airstrike                Air            11%        2d(2-18)  19%         4
 Fulminant Prism          Conj/Hex       6%         3d7       43%         4
 Alistair's Intoxication  Tmut/Pois      2%         N/A       98%         5


Dungeon Overview and Level Annotations

Branches:
Dungeon (4/15)
 Temple: D:4-7

Altars:
Uskayaw

Shops:
D:1 =

Annotations:
D:3 1 runed translucent door, exclusion: door, Crazy Yiuf


Innate Abilities, Weirdness & Mutations

You cannot wear most types of armour.
You are amphibious.
You can wear up to eight rings at the same time.
Your skin changes colour to match your surroundings (Stealth+).
Your rubbery body absorbs attacks. (AC +1, EV +1)
((You are camouflaged when in or above water. (Stealth+)))
You have tentacles for arms and can constrict up to eight enemies at once.


Message History

Press: ? - help, Shift-Dir - straight line, f/p - phantom
Aim: a phantom (severely damaged, 64% to hit)
The zap hits the phantom.
The phantom is severely damaged.
The phantom closely misses you.
You now have 4/12 mp.
Casting: Shock (safe; 1% risk of failure)
Confirm with . or Enter, or press ? or * to list all spells.
Aiming: Shock (safe; 1% risk of failure)
Press: ? - help, Shift-Dir - straight line, f/p - phantom
Aim: a phantom (severely damaged, 64% to hit)
The zap hits the phantom but does no damage.
The phantom is severely damaged.
The phantom hits you!
The phantom blinks!
You blink.
You take 7 damage, and have 16/44 hp.
You now have 3/12 mp.
Casting: Shock (safe; 1% risk of failure)
Confirm with . or Enter, or press ? or * to list all spells.
Aiming: Shock (safe; 1% risk of failure)
Press: ? - help, Shift-Dir - straight line, f/p - phantom
Aim: a phantom (severely damaged, 64% to hit)
The zap hits the phantom but does no damage.
The phantom is severely damaged.
The phantom hits you!
* * * LOW HITPOINT WARNING * * *
The phantom blinks!
You blink.
You take 6 damage, and have 10/44 hp.
Casting: Shock (safe; 1% risk of failure)
Confirm with . or Enter, or press ? or * to list all spells.
Aiming: Shock (safe; 1% risk of failure)
Press: ? - help, Shift-Dir - straight line, f/p - phantom
Aim: a phantom (severely damaged, 64% to hit)
The zap hits the phantom.
The phantom is severely damaged.
The phantom hits you.
* * * LOW HITPOINT WARNING * * *
You take 6 damage, and have 4/44 hp.
You now have 2/12 mp.
Casting: Shock (safe; 1% risk of failure)
Confirm with . or Enter, or press ? or * to list all spells.
The phantom is struck by an arc of lightning.
The phantom is severely damaged.
You are struck by an arc of lightning.
* * * LOW HITPOINT WARNING * * *
The lightning grounds out.
The phantom hits you but does no damage.
You take 3 damage, and have 1/44 hp.
You now have 0/12 mp.
Aiming: Mindburst
Press: ? - help, Shift-Dir - straight line, f/p - phantom
Aim: a phantom (severely damaged, chance to affect: 47%)
The phantom resists with some effort.
The phantom hits you!
You die...

...#...#†..#.# #.##.#
#.....###..###.##.##
#.).#.#.#...##.#...#
+.....'##....#.#.#.#
...#####...#.#.#.#...# ...
#.#...#.#.##.## .....
#.#.###.#....# #...
#W.......<#..##.
#.#...#####.@.#.#).....÷...
.. +.....'##..###..#.##.#
#. #.##..#.#..# #...... ..
# )###.....###..#
..........# #.#...#.#.#...#
##......#.. .
#...#...#..................
####### #....##..#......#.
#..... .# .....# ####.##


You could see a phantom.

Vanquished Creatures
  An ogre (D:3)
  A phantom (D:3)
  A howler monkey (D:3)
  2 orc priests
  2 iguanas
  4 orc wizards
  7 gnolls
  6 adders
  2 worms (D:2)
  4 dart slugs
  10 orcs
  6 bats
  7 endoplasms
  4 giant cockroaches
  7 goblins
  6 hobgoblins
  A quokka (D:2)
  9 ball pythons
  3 frilled lizards
  14 kobolds
  10 rats
107 creatures vanquished.

Notes
Turn   | Place    | Note
-------+----------+-------------------------------------------
     0 | D:1      | backslashecho the Octopode Air Elementalist began the quest
                  | for the Orb.
     0 | D:1      | Reached XP level 1. HP: 11/11 MP: 3/3
   142 | D:1      | Reached XP level 2. HP: 17/17 MP: 3/5
   549 | D:1      | Found a faded altar of an unknown god.
   763 | D:1      | Found Honnon's Jewellery Emporium.
   766 | D:1      | Reached skill level 2 in Conjurations
   803 | D:1      | Reached XP level 3. HP: 21/21 MP: 3/6
   843 | D:1      | Learned a level 3 spell: Swiftness
   846 | D:1      | Learned a level 2 spell: Static Discharge
  1426 | D:2      | Reached XP level 4. HP: 27/27 MP: 3/7
  1753 | D:2      | Reached skill level 1 in Short Blades
  1839 | D:2      | Reached skill level 3 in Conjurations
  1840 | D:2      | Reached XP level 5. HP: 30/31 MP: 0/9
  2476 | D:3      | Found a runed translucent door.
  2477 | D:3      | Noticed Crazy Yiuf
  2679 | D:2      | Reached XP level 6. HP: 20/36 MP: 4/10
  2882 | D:3      | Reached skill level 4 in Conjurations
  3110 | D:3      | Reached skill level 1 in Fighting
  3110 | D:3      | Reached XP level 7. HP: 28/43 MP: 5/12
  3406 | D:3      | Noticed a +0 short sword
  3406 | D:3      | Noticed a +0 falchion
  3406 | D:3      | Noticed a +0 short sword
  3407 | D:3      | Noticed a +0 dagger
  3407 | D:3      | Noticed a +0 spear
  3409 | D:3      | Noticed a +0 spear
  3410 | D:3      | Noticed a +0 dagger
  3412 | D:3      | Noticed a +0 falchion
  3433 | D:3      | Found a hide-covered altar of Uskayaw.
  3915 | D:4      | Reached skill level 5 in Conjurations
  3929 | D:3      | Learned a level 4 spell: Iskenderun's Mystic Blast
  4015 | D:4      | HP: 1/44 [/static electricity (3)]
  4016 | D:4      | Mangled by a phantom

Illustrated notes

Levels and vault maps discovered:
D:1:      lightli_arrival_statue_moat, layout_basic,
          hellmonk_ecumenical_altar_lost_god, serial_shops, shop,
          minmay_pentomino_o2
D:2:      minmay_wonky_spiral, layout_rooms, lexackson_kobold_supper
D:3:      layout_rooms, nicolae_uskayaw_en_pointe, kennysheep_donut,
          uniq_crazy_yiuf_cottage
D:4:      layout_loops_ring, serial_shops, shop, nicolae_shop_trees,
          nicolae_shop_hallway_plus, minmay_fractal_squares_diagonal_5,
          uniq_blork_the_orc

Skill      XL: |  1  2  3  4  5  6  7 |
---------------+----------------------+-----
Stealth        | 3 |  3.0
Conjurations   | 2 3 4 5 |  5.0
Short Blades   | 1 2 |  2.0
Spellcasting   | 3 |  3.7
Air Magic      | 4 |  4.6
Fighting       | 1 |  1.8
Dodging        | |  2.0

Action                     |  1- 3 |  4- 6 |  7- 9 || total
---------------------------+-------+-------+-------++-------
  Melee: Unarmed           |     2 |       |       ||     2
         Constrict         |     5 |     6 |     3 ||    14
         Tentacles         |     3 |     5 |     1 ||     9
         Dagger            |    10 |     5 |    17 ||    32
         Short sword       |     3 |    10 |       ||    13
         Punch             |     1 |       |       ||     1
   Cast: Shock             |    57 |   104 |    63 ||   224
         Static Discharge  |       |     2 |     2 ||     4
  Evoke: Wand              |       |       |     1 ||     1
    Use: Scroll            |     4 |     2 |       ||     6
   Stab: Sleeping          |       |     1 |       ||     1
 Armour: Skin              |    10 |    31 |    24 ||    65
  Dodge: Dodged            |    29 |    28 |    14 ||    71

Table legend: (Time is in decaauts)
 A = Elapsed time spent in this place.
 B = Non-inter-level travel time spent in this place.
 C = Inter-level travel time spent in this place.
 D = Time resting spent in this place.
 E = Time spent auto-exploring this place.
 F = Levels seen in this place.
 G = Mean time per level.
                   A        B        C        D        E       F      G
               +--------+--------+--------+--------+--------+-----+--------+
         Total |   4020 |   3795 |    225 |    847 |   2177 |   4 | 1005.0 |
       Dungeon |   4020 |   3795 |    225 |    847 |   2177 |   4 | 1005.0 |
               +--------+--------+--------+--------+--------+-----+--------+

Top non-repeatable levels by time:
     D:2: 1390 daAuts
     D:3: 1232 daAuts
     D:1: 1192 daAuts
     D:4: 204 daAuts
